 Dungeon Crawl Stone Soup version 0.22-a0-877-g5c4e1afb51 (console) character file.

1502 Lexodia the Cudgeler (level 8, -3/73 HPs)
             Began as a Gargoyle Fighter on July 29, 2018.
             Was an Initiate of Wu Jian.
             Slain by a killer bee (6 damage)
             ... on level 7 of the Dungeon.
             The game lasted 00:12:28 (4414 turns).

Lexodia the Cudgeler (Gargoyle Fighter)             Turns: 4414, Time: 00:12:29

Health: -3/73      AC: 24    Str: 21    XL:     8   Next: 82%
Magic:  8/8        EV:  2    Int: 10    God:    Wu Jian [......]
Gold:   221        SH: 10    Dex:  9    Spells: 7/7 levels left

rFire    . . .     SeeInvis .   a - +1 flail
rCold    . . .     Gourm    .   c - +0 shield
rNeg     + + +     Faith    .   (armour currently unavailable)
rPois    ∞         Spirit   .   (helmet currently unavailable)
rElec    .         Reflect  .   (cloak currently unavailable)
rCorr    .         Harm     .   (gloves currently unavailable)
MR       .....     NoTele   +   (boots currently unavailable)
Stlth    ++........             (no amulet)
HPRegen  0.22/turn              m - ring of stealth (curse)
MPRegen  0.11/turn              o - +3 ring of evasion

@: tree-form
A: negative energy resistance 1, petrification resistance, rot immunity, AC +5
a: Renounce Religion


You were on level 7 of the Dungeon.
You worshipped Wu Jian.
Wu Jian was noncommittal.
You were not hungry.
You were a tree.
You visited 2 branches of the dungeon, and saw 8 of its levels.

You collected 221 gold pieces.

Inventory:

Hand Weapons
 a - a +1 flail (weapon)
Armour
 c - a +0 shield (worn)
 p - a +3 chain mail of positive energy (melded)
 q - a +1 hat (melded)
 r - a +0 cloak (melded)
Jewellery
 b - an uncursed ring of magical power {unknown}
 m - a cursed ring of stealth (left branch)
 n - an uncursed ring of protection from fire
 o - a +3 ring of evasion (right branch)
 t - an uncursed ring of wizardry {unknown}
Scrolls
 e - a scroll of enchant weapon
 g - a scroll of identify
 j - a scroll of magic mapping
 k - 3 scrolls of teleportation
Potions
 d - 2 potions of might
 h - a potion of resistance
 l - a potion of lignification
 v - 3 potions of invisibility
Comestibles
 f - 10 rations
 s - 5 chunks of flesh


   Skills:
 - Level 5.0 Fighting
 * Level 7.6 Maces & Flails
 - Level 6.0 Armour
 + Level 6.5 Shields


You had 7 spell levels left.
You didn't know any spells.
Your spell library contained the following spells:

 Spells                   Type           Power        Failure   Level  Hunger
 Apportation              Tloc           #.....       75%         1    ##.....
 Summon Small Mammal      Summ           #...         75%         1    ##.....
 Animate Skeleton         Necr           N/A          75%         1    ##.....
 Confusing Touch          Hex            #.....       75%         1    ##.....


Dungeon Overview and Level Annotations

Branches:
Dungeon (7/15)             Temple (1/1) D:6

Altars:
Cheibriados
Dithmenos
Elyvilon
Fedhas
Gozag
Hepliaklqana
Kikubaaqudgha
Makhleb
Nemelex Xobeh
Okawaru
Qazlal
Ru
Sif Muna
Trog
Uskayaw
Vehumet
Wu Jian
Xom
Yredelemnul
Zin
The Shining One


Innate Abilities, Weirdness & Mutations

You are resistant to torment.
((Your stone body is resilient. (AC +5)))
You are immune to poison.
You resist negative energy. (rN+)
((You are resistant to electric shocks. (rElec)))
((You can survive without breathing.))
You are immune to petrification.
You are immune to rotting.


Message History

The killer bee is moderately wounded.
The killer bee stings you but does no damage.
The bullfrog zombie hits you but does no damage.
The killer bee barely misses you.
You miss the killer bee.
The killer bee is moderately wounded.
You block the killer bee's attack. The bullfrog zombie barely misses you.
The killer bee stings you.
* * * LOW HITPOINT WARNING * * *
The bullfrog zombie hits you but does no damage.
Huge Dmg: -6%(-5hp) hp: 5%(3hp)
You miss the killer bee.
The killer bee is moderately wounded.
You block the killer bee's attack. The killer bee barely misses you.
The bullfrog zombie hits you but does no damage.
Unknown command.
You hit the killer bee.
The killer bee is heavily wounded.
You block the killer bee's attack. The killer bee stings you.
You die...

#.# #.# # #.# #' #.#
... #.# .... ####.#
..... ###<##)#
.<....###.....)#######
.....ZZ♣y.............
......###..........###
..... #...######.#
>... #...## # ...
#.###.# #+ #. ... #
.##. ## #


You could see a killer bee, a bullfrog zombie and a centaur zombie.

Vanquished Creatures
  Duvessa (D:5)
  An ogre (D:4)
  A phantom (D:6)
  A centaur (D:5)
  Blork the orc (D:6)
  Dowan (D:5)
  A scorpion (D:6)
  3 killer bees (D:7)
  A howler monkey (D:5)
  3 jellies
  A crimson imp (D:6)
  A hound (D:4)
  An orc priest (D:7)
  2 centaur skeletons
  8 orc wizards
  A bullfrog skeleton (D:5)
  5 worker ants
  A hound skeleton (D:4)
  A howler monkey zombie (D:6)
  9 adders
  A shadow imp (D:5)
  An ooze (D:1)
  A worm (D:3)
  4 dart slugs
  2 leopard geckos
  15 orcs
  5 bats
  2 giant cockroaches (D:1)
  6 goblins (D:1)
  8 hobgoblins
  3 jackals (D:5)
  2 quokkas (D:3)
  5 frilled lizards
  5 kobolds
  A quokka zombie (D:5)
  4 rats (D:1)
109 creatures vanquished.

Notes
Turn   | Place    | Note
-------+----------+-------------------------------------------
     0 | D:1      | Lexodia the Gargoyle Fighter began the quest for the Orb.
     0 | D:1      | Reached XP level 1. HP: 14/14 MP: 1/1
   100 | D:1      | Reached XP level 2. HP: 18/19 MP: 2/2
   383 | D:1      | Reached XP level 3. HP: 18/23 MP: 3/3
  1001 | D:3      | Reached skill level 3 in Maces & Flails
  1001 | D:3      | Reached XP level 4. HP: 29/29 MP: 4/4
  1540 | D:3      | Reached XP level 5. HP: 33/33 MP: 5/5
  2121 | D:4      | Got an ancient dagger
  2122 | D:4      | Identified the +4 dagger "Junecuk" {pierce, rF+ rN+ Int+4} (You found it on level 4 of the Dungeon)
  2265 | D:4      | Noticed an ogre
  2274 | D:4      | Huge Dmg: 20 dmg
  2281 | D:4      | Huge Dmg: 3 dmg
  2289 | D:4      | Killed an ogre
  2289 | D:4      | Reached skill level 4 in Maces & Flails
  2289 | D:4      | Reached XP level 6. HP: 13/39 MP: 6/6
  2370 | D:5      | Entered Level 5 of the Dungeon
  2457 | D:5      | Noticed Dowan
  2460 | D:5      | Noticed Duvessa
  2487 | D:5      | Killed Duvessa
  2499 | D:5      | Killed Dowan
  2583 | D:5      | Reached XP level 7. HP: 37/44 MP: 7/7
  2610 | D:5      | Huge Dmg: 12 dmg
  2639 | D:5      | Reached skill level 5 in Maces & Flails
  2660 | D:5      | Huge Dmg: 5 dmg
  2806 | D:5      | Reached skill level 5 in Fighting
  2878 | D:5      | Reached skill level 5 in Armour
  2909 | D:5      | Reached skill level 5 in Shields
  2937 | D:5      | Huge Dmg: 10 dmg
  3170 | D:5      | Reached XP level 8. HP: 49/49 MP: 8/8
  3243 | D:5      | Reached skill level 6 in Maces & Flails
  3372 | D:6      | Found a staircase to the Ecumenical Temple.
  3380 | Temple   | Entered the Ecumenical Temple
  3474 | Temple   | Became a worshipper of the Wu Jian Council
  3901 | D:6      | Noticed Blork the orc
  3916 | D:6      | Huge Dmg: 10 dmg
  3925 | D:6      | Huge Dmg: 6 dmg
  3926 | D:6      | Killed Blork the orc
  4168 | D:6      | Reached skill level 7 in Maces & Flails
  4401 | D:7      | Huge Dmg: 6 dmg
  4402 | D:7      | Huge Dmg: 5 dmg
  4406 | D:7      | Huge Dmg: 4 dmg
  4410 | D:7      | Huge Dmg: 6 dmg
  4412 | D:7      | HP: 3/73 [killer bee (5)]
  4413 | D:7      | Huge Dmg: 5 dmg
  4414 | D:7      | Slain by a killer bee

Vault maps used:
D:1:      tarquinn_simple_flora_water_f
D:2:      minmay_misc_feat_more_columns, kennysheep_generic_room_5
D:3:      skrybe_limestone_x
D:5:      first_ration, uniq_duvessa
D:6:      temple_doors_e, uniq_blork_the_orc
D:7:      grunt_ogre_cave, minmay_misc_feat_plants, uniq_joseph
Temple:   compressed_dpeg_circular_temple

Skill      XL: |  1  2  3  4  5  6  7  8 |
---------------+-------------------------+-----
Maces & Flails | 3 4 5 7 |  7.6
Fighting       | 4 5 |  5.0
Armour         | 4 5 6 |  6.0
Shields        | 4 5 6 |  6.5

Action                   |  1- 3 |  4- 6 |  7- 9 || total
-------------------------+-------+-------+-------++-------
Melee: Flail             |   125 |   140 |   320 ||   585
       Dagger            |       |    32 |       ||    32
Invok: Lunge             |       |       |     6 ||     6
  Use: Scroll            |     7 |     2 |     2 ||    11
       Potion            |       |     3 |     3 ||     6
  Eat: Chunk             |       |     3 |     6 ||     9
       Ration            |       |     1 |       ||     1
Armor: Scale mail        |    64 |    45 |       ||   109
       Ring mail         |       |    24 |       ||    24
       Chain mail        |       |     8 |   212 ||   220
       Skin              |       |       |    22 ||    22
Dodge: Dodged            |    67 |    57 |   108 ||   232
Block: Shield            |    60 |    74 |   189 ||   323

Table legend:
 A = Spawn XP
 B = Non-spawn XP
 C = Spawn XP percentage of total XP
 D = Spawn monster count
 E = Non-spawn monster count
 F = Spawn count percentage of total count
 G = Total turns spent on level
                    A         B        C        D         E        F      G
               +---------+---------+-------+---------+---------+-------+---------
         Total |       0 |    2147 |   0.0 |       0 |     109 |   0.0 |  4414
               +---------+---------+-------+---------+---------+-------+---------
           D:1 |       0 |      53 |   0.0 |       0 |      27 |   0.0 |   490
           D:2 |       0 |       5 |   0.0 |       0 |       3 |   0.0 |   461
           D:3 |       0 |     118 |   0.0 |       0 |      24 |   0.0 |   655
           D:4 |       0 |     204 |   0.0 |       0 |       5 |   0.0 |   829
           D:5 |       0 |     878 |   0.0 |       0 |      28 |   0.0 |   877
           D:6 |       0 |     580 |   0.0 |       0 |      15 |   0.0 |   866
           D:7 |       0 |     309 |   0.0 |       0 |       7 |   0.0 |   130
               +---------+---------+-------+---------+---------+-------+---------
